 Dungeon Crawl Stone Soup version 0.29-a0-275-g389c0b56f3 (webtiles) character file.

Game seed: 3634305779789656933

95 spaghetti the Covered (level 4, -2/55 HPs)
             Began as a Demigod Fighter on Mar 12, 2022.
             Slain by a bullfrog (7 damage)
             ... on level 3 of the Dungeon.
             The game lasted 00:02:58 (2972 turns).

spaghetti the Covered (Demigod Fighter)             Turns: 2972, Time: 00:02:59

Health: -2/55      AC:  8    Str: 21    XL:     4   Next: 17%
Magic:  6/6        EV:  9    Int: 10    God:
Gold:   980        SH:  5    Dex: 13    Spells: 3/3 levels left

rFire   . . .      SeeInvis .   a - +0 war axe {axe}
rCold   . . .      Faith    .   c - +1 buckler
rNeg    . . .      Spirit   .   b - +0 scale mail
rPois   .          Reflect  .   (no helmet)
rElec   .          Harm     .   p - +0 cloak
rCorr   .          Rampage  .   (no gloves)
Will    .....                   (no boots)
Stlth   ..........              (no amulet)
HPRegen 0.18/turn               (no ring)
MPRegen 0.10/turn               (no ring)

@: berserking, very quick
A: high MP 1, forlorn, divine attributes
a: no special abilities


You were on level 3 of the Dungeon.
You visited 1 branch of the dungeon, and saw 3 of its levels.

You collected 980 gold pieces.


Innate Abilities, Weirdness & Mutations

You have an increased reservoir of magic. (+10% MP)
You shall have no god before yourself.
Your divine heritage dramatically boosts your attributes as you level up.


   Skills:
 - Level 2.6 Fighting
 - Level 1.7 Axes
 + Level 4.8 Armour
 - Level 2.6 Shields


You had 3 spell levels left.
You didn't know any spells.
Your spell library contained the following spells:

 Spells                   Type           Power      Damage    Failure   Level
 Ensorcelled Hibernation  Hex/Ice        0%         N/A       89%         2
 Spider Form              Tmut/Pois      0%         N/A       98%         3
 Anguish                  Hex/Necr       0%         N/A       100%        4

Inventory:

Hand Weapons
 a - a +0 war axe (weapon) {axe}
Missiles
 e - 98 stones (quivered) {throwing}
 g - 14 poisoned darts {throwing}
Armour
 b - a +0 scale mail (worn)
 c - a +1 buckler (worn)
 p - a +0 cloak (worn)
   (You found it on level 3 of the Dungeon)
Jewellery
 m - a ring of ice
   (You found it on level 3 of the Dungeon)
Scrolls
 l - a scroll of enchant armour
 n - a scroll of blinking {!r}
 o - a scroll of vulnerability {!r!r}
Potions
 d - 3 potions of might
 h - 2 potions of ambrosia {unknown}
 i - a potion of attraction {unknown}
 k - a potion of haste {unknown}
 q - a potion of curing {unknown}
 r - a potion of magic {unknown}

Dungeon Overview and Level Annotations

Branches:
Dungeon (3/15)

.## ..# #.#
#.########
#.##.....# #
#.##.....#
#.##.##.##.....#
#....(F@##.....##
##...##.........#
#. #.........#
#.........#
#.........###
#............
#.........#..
#.####.........#
.
#..............#


You could see a bullfrog.


Message History

The stone {throwing} hits the ball python.
You throw a stone {throwing}.
The stone {throwing} barely misses the ball python.
You throw a stone {throwing}.
The stone {throwing} barely misses the ball python.
The ball python bites you but does no damage.
The ball python barely misses you.
You closely miss the ball python. The ball python barely misses you.
The ball python closely misses you.
You hit the ball python.
You kill the ball python!
No target in view!
You now have 980 gold pieces (gained 7).
A worm comes into view.
You see here 3 stones {throwing}.
A worm is nearby!
A worm is nearby!
You throw a stone {throwing}.
The stone {throwing} hits the worm but does no damage.
You throw a stone {throwing}.
The stone {throwing} barely misses the worm.
You throw a stone {throwing}.
The stone {throwing} hits the worm but does no damage.
You throw a stone {throwing}. The stone {throwing} hits the worm.
You throw a stone {throwing}.
The stone {throwing} hits the worm but does no damage.
You throw a stone {throwing}.
The stone {throwing} barely misses the worm.
You throw a stone {throwing}.
The stone {throwing} hits the worm but does no damage.
You hit the worm. The worm barely misses you.
You slash the worm! You block the worm's attack.
You hit the worm. You slash the worm!
You kill the worm!
No target in view!
No target in view!
e - 64 stones {throwing} (gained 3)
e - 65 stones {throwing} (gained 1)
e - 66 stones {throwing} (gained 1)
e - 67 stones {throwing} (gained 1)
e - 68 stones {throwing} (gained 1)
e - 69 stones {throwing} (gained 1)
e - 70 stones {throwing} (gained 1) Key pressed, stopping explore.
e - 99 stones {throwing} (gained 29)
A bullfrog comes into view.
A bullfrog is nearby!
You throw a stone {throwing}. The bullfrog croaks.
The stone {throwing} hits the bullfrog but does no damage.
You block the bullfrog's attack.
You closely miss the bullfrog. The bullfrog hits you. x2 😕 HP[-7]
You take 7 damage, and now have 30/37 hp.
You barely miss the bullfrog. The bullfrog barely misses you.
You block the bullfrog's attack.
You completely miss the bullfrog. The bullfrog hits you. x2 😮 HP[-5]
You take 5 damage, and now have 25/37 hp.
You are too injured to fight recklessly!
You are too injured to fight recklessly!
You are too injured to fight recklessly!
You are too injured to fight recklessly!
You are too injured to fight recklessly!
You are too injured to fight recklessly!
You closely miss the bullfrog. The bullfrog hits you.
The bullfrog hits you but does no damage. 😮 HP[-1]
You take 1 damage, and now have 24/37 hp.
You barely miss the bullfrog. The bullfrog hits you. The bullfrog hits you!
* * * LOW HITPOINT WARNING * * *
The bullfrog closely misses you. 😨 HP[-8]
You take 8 damage, and now have 16/37 hp.
MASSIVE DAMAGE!! (PAUSE)
You hit the bullfrog but do no damage.
The bullfrog hits you but does no damage.
The bullfrog closely misses you.
You barely miss the bullfrog.
The bullfrog swells and bulges.
The bullfrog hits you.
* * * LOW HITPOINT WARNING * * *
The bullfrog hits you.
* * * LOW HITPOINT WARNING * * *
😨 HP[-2]
You take 2 damage, and now have 14/37 hp.
You slash the bullfrog! The bullfrog hits you.
* * * LOW HITPOINT WARNING * * *
The bullfrog hits you.
* * * LOW HITPOINT WARNING * * *
😱 HP[-11]
You take 11 damage, and now have 3/37 hp.
MASSIVE DAMAGE!! (PAUSE)
You aren't carrying any items that you can evoke.
Unknown command.
Really quaff
j - a potion of berserk rage {!q}?
A red film seems to cover your vision as you go berserk!
You feel yourself moving faster!
You feel mighty! The bullfrog hits you!
You die...

Skill      XL: |  1  2 |
---------------+-------+-----
Armour         | 3 4 |  4.8
Fighting       | |  2.6
Axes           | |  1.7
Shields        | |  2.6

Action                   |  1- 3 |  4- 6 || total
-------------------------+-------+-------++-------
Melee: War axe           |   116 |    18 ||   134
Throw: Stone             |    42 |    16 ||    58
  Use: Scroll            |     5 |     1 ||     6
       Potion            |     1 |     1 ||     2
Armor: Scale mail        |    64 |     4 ||    68
Dodge: Dodged            |    62 |     8 ||    70
Block: Buckler           |    27 |     3 ||    30

Levels and vault maps discovered:
D:1:      psy_arrival_radial02, layout_loops_corners, minmay_pentomino_p4
D:2:      layout_loops_ring, minmay_box_of_dots
D:3:      layout_loops_cross, gammafunk_temple_overflow_pools

Notes
Turn   | Place    | Note
-------+----------+-------------------------------------------
     0 | D:1      | spaghetti the Demigod Fighter began the quest for the Orb.
     0 | D:1      | Reached XP level 1. HP: 18/18 MP: 3/3
     0 | D:1      | magus.rc [v1.9.6]
   312 | D:1      | Reached skill level 3 in Armour
   500 | D:1      | Reached XP level 2. HP: 16/25 MP: 4/4
  1238 | D:1      | Identified a scroll of acquirement
  1238 | D:1      | Acquired 829 gold pieces
  1993 | D:2      | Reached skill level 4 in Armour
  1993 | D:2      | Reached XP level 3. HP: 30/30 MP: 5/5
  2125 | D:2      | You pick up a book of Dreams and begin reading...
  2125 | D:2      | You add the spells Ensorcelled Hibernation, Spider Form and
                  | Anguish to your library.
  2773 | D:3      | Reached XP level 4. HP: 24/37 MP: 6/6
  2962 | D:3      | Noticed a bullfrog
  2971 | D:3      | HP: 9/37 [bullfrog (5)]
  2971 | D:3      | HP: 3/37 [bullfrog (6)]
  2972 | D:3      | Slain by a bullfrog

Vanquished Creatures
  A gnoll (D:2)
  3 adders (D:2)
  An ufetubus (D:3)
  3 worms
  A dart slug (D:1)
  A bat (D:3)
  4 endoplasms (D:2)
  A giant cockroach (D:3)
  4 hobgoblins
  3 quokkas
  7 ball pythons
  4 goblins
  8 kobolds
  2 rats (D:1)
43 creatures vanquished.

Table legend:
 A = Non-vault XP
 B = Vault XP
 C = Vault XP percentage of total XP
 D = Non-vault monster count
 E = Vault monster count
 F = Vault count percentage of total count
                 A         B        C        D         E       F
            +---------+---------+-------+---------+---------+-------
      Total |     104 |      32 |  23.5 |      37 |       6 |  14.0
            +---------+---------+-------+---------+---------+-------
        D:1 |      25 |       3 |  10.7 |      15 |       3 |  16.7
        D:2 |      50 |      29 |  36.7 |      13 |       3 |  18.8
        D:3 |      29 |       0 |   0.0 |       9 |       0 |   0.0
            +---------+---------+-------+---------+---------+-------

Illustrated notes

Table legend:
 A = Kills in this place as a percentage of kills in entire the game.
 B = Kills by you in this place as a percentage of kills by you in the entire game.
 C = Kills by friends in this place as a percentage of kills by friends in the entire game.
 D = Other kills in this place as a percentage of other kills in the entire game.
 E = Experience gained in this place as a percentage of experience gained in the entire game.
 F = Experience gained in this place divided by the number of levels of this place that you have seen.
                   A       B       C       D       E      F
               +-------+-------+-------+-------+-------+----------------------
         Total | 100.0 | 100.0 |   N/A |   N/A | 100.0 |  45.3
       Dungeon | 100.0 | 100.0 |   N/A |   N/A | 100.0 |  45.3
               +-------+-------+-------+-------+-------+----------------------

Table legend: (Time is in decaauts)
 A = Elapsed time spent in this place.
 B = Non-inter-level travel time spent in this place.
 C = Inter-level travel time spent in this place.
 D = Time resting spent in this place.
 E = Time spent auto-exploring this place.
 F = Levels seen in this place.
 G = Mean time per level.
                   A        B        C        D        E       F      G
               +--------+--------+--------+--------+--------+-----+--------+
         Total |   3041 |   2878 |    163 |      0 |   2482 |   3 | 1013.7 |
       Dungeon |   3041 |   2878 |    163 |      0 |   2482 |   3 | 1013.7 |
               +--------+--------+--------+--------+--------+-----+--------+

Top non-repeatable levels by time:
     D:1: 1677 daAuts
     D:2: 854 daAuts
     D:3: 509 daAuts
